 Dungeon Sprint DCSS version 0.17-a0-1646-geb1493d (webtiles) character file.

764 nuthulu the Grappler (level 7, -8/81 HPs)
             Began as a Troll Berserker on Aug 10, 2015.
             Was a High Priest of Trog.
             Mangled by a tentacle (17 damage)
             ... attached to a kraken
             ... in the Dungeon (Sprint II: "The Violet Keep of Menkaure").
             The game lasted 00:02:47 (345 turns).

nuthulu the Grappler (Troll Berserker)               Turns: 345, Time: 00:02:47

Health: -8/81      AC:  8    Str: 26    XL:     7   Next: 51%
Magic:  6/6        EV: 13    Int:  3    God:    Trog [*****.]
Gold:   200        SH:  0    Dex: 11    Spells: 0 memorised, 6 levels left

rFire  + . .     SeeInvis .       - Unarmed
rCold  . . .     Clarity  .     j - +2 robe {rF+}
rNeg   . . .     SustAt   .     (no shield)
rPois  .         Gourm    +     (helmet restricted)
rElec  .         Spirit   .     k - +0 cloak (curse)
rCorr  .         Warding  .     (gloves unavailable)
rMut   .         NoTele   +     (boots unavailable)
MR     .....                    (no amulet)
Stlth  +.........               (no ring)
                                (no ring)

@: not resistant to hostile enchantments, very unstealthy
A: unfitting armour, claws 3, fast metabolism 3, gourmand, regeneration 2,
shaggy fur 1, tough skin 2
a: Burn Spellbooks, Berserk, Trog's Hand, Brothers in Arms, Renounce Religion


You were in the Dungeon.
You worshipped Trog.
Trog was extremely pleased with you.
You were very full.

You visited 1 branch You collected 729 gold pieces.
You spent 529 gold pieces at shops.

Inventory:

Armour
 a - a +0 animal skin
 j - a +2 robe of fire resistance (worn)
 k - a cursed +0 cloak (worn)
Scrolls
 h - a scroll of blinking
Potions
 c - a potion of curing
 d - 6 potions of heal wounds
 e - a potion of haste
 f - 2 potions of magic
 g - a potion of berserk rage
 l - 2 potions of might
Comestibles
 b - 2 bread rations
 i - 5 chunks of flesh


   Skills:
 + Level 8.5 Fighting
 + Level 8.5 Dodging
 + Level 10.1 Unarmed Combat


You had 6 spell levels left.
You didn't know any spells.

Dungeon Overview and Level Annotations

Branches:
Dungeon (1/1)

Altars:

Shops:
D :(=}!?(!%[!=:[=!

Annotations:
D exclusion: oklob plant


Innate Abilities, Weirdness & Mutations

You are too large for most types of armour.
You have claws for hands.
Your metabolism is lightning-fast.
You like to eat raw meat.
You heal very quickly.
You are covered in fur (AC +1).
You have very tough skin (AC +2).


Message History

Your ogre hits the tentacle with a giant spiked club!!
The tentacle segment is engulfed in a cloud of scalding steam.
You mangle the tentacle!!
You kill the tentacle!
The tentacle is engulfed in a cloud of scalding steam.
The tentacle slaps your ogre!!
Your ogre closely misses the tentacle.
The tentacle is engulfed in a cloud of scalding steam.
The tentacle slaps your ogre!
Unknown command.
The kraken bites you!!!
The tentacle is engulfed in a cloud of scalding steam.
The tentacle slaps your ogre.
The tentacle slaps you but does no damage.
Your ogre is engulfed in a cloud of scalding steam.
Your ogre dies!
Your ogre's corpse disappears in a puff of smoke!
The kraken bites you!!
* * * LOW HITPOINT WARNING * * *
The tentacle slaps you!
You die...

##≈≈≈... .#≈≈≈≈.##+
.#≈≈≈≈##.# ## ###
.#≈≈≈≈#.###.# ..#
.#≈≈####.#.####..##
.#≈##.###÷# #.##..#
.#≈#..###.###††#..#
.'≈'##.'.<.'##.'..###
∩#≈#..###.##.#†#@...#
##≈##.# #'###.##Xww.§§≈
##≈≈####.#.####≈{**...≈#
##≈≈≈#.# ..# ≈≈§{w§..≈#
+#≈## .##≈≈≈≈≈§§§.≈# ≈≈#
##≈≈≈≈≈≈§≈≈≈≈# ≈≈
≈≈≈≈≈§§≈§§§≈# +++#≈§
§§§§§≈#


You could see a kraken and 3 tentacles.

Vanquished Creatures
  2 hippogriffs (D)
  A crocodile (D)
  4 brain worms (D)
  4 worker ants (D)
  3 worms (D)
  A tentacle (D)
15 creatures vanquished.

Vanquished Creatures (collateral kills)
  A crocodile (D)
1 creature vanquished.

Vanquished Creatures (others)
  24 tentacle segments (D)
24 creatures vanquished.

Grand Total: 40 creatures vanquished

Notes
Turn   | Place    | Note
--------------------------------------------------------------
     0 | D        | nuthulu the Troll Berserker began the quest for the Orb.
     0 | D        | Reached XP level 1. HP: 22/22 MP: 0/0
     1 | D        | Noticed a hippogriff
     1 | D        | Noticed a hippogriff
     4 | D        | Noticed a brain worm
    16 | D        | Acquired Trog's second power
    19 | D        | Reached XP level 2. HP: 25/31 MP: 1/1
    38 | D        | Noticed a worker ant
    38 | D        | Noticed a worker ant
    46 | D        | Killed a worker ant
    46 | D        | Reached skill level 4 in Unarmed Combat
    46 | D        | Reached XP level 3. HP: 29/39 MP: 2/2
    51 | D        | Killed a worker ant
    51 | D        | Reached skill level 5 in Unarmed Combat
   109 | D        | Noticed a worker ant
   109 | D        | Noticed a worker ant
   117 | D        | Killed a worker ant
   117 | D        | Reached XP level 4. HP: 39/49 MP: 3/3
   123 | D        | Killed a worker ant
   123 | D        | Reached skill level 6 in Unarmed Combat
   139 | D        | Lost intelligence.
   144 | D        | Killed a brain worm
   144 | D        | Reached skill level 5 in Fighting
   144 | D        | Reached skill level 5 in Dodging
   144 | D        | Reached XP level 5. HP: 51/58 MP: 4/4
   162 | D        | Noticed a brain worm
   165 | D        | Killed a brain worm
   165 | D        | Acquired Trog's third power
   165 | D        | Reached skill level 7 in Unarmed Combat
   166 | D        | Noticed a brain worm
   166 | D        | Noticed a brain worm
   170 | D        | Killed a brain worm
   170 | D        | Reached skill level 8 in Unarmed Combat
   170 | D        | Reached XP level 6. HP: 65/68 MP: 5/5
   173 | D        | Killed a brain worm
   189 | D        | Killed a hippogriff
   189 | D        | Reached skill level 9 in Unarmed Combat
   191 | D        | Killed a hippogriff
   191 | D        | Reached XP level 7. HP: 80/80 MP: 6/6
   245 | D        | Found Aril's Food Boutique.
   245 | D        | Found Boowkied's Distillery.
   245 | D        | Found Nuckaenya's Distillery.
   245 | D        | Found Zoymes's Antique Armour Shop.
   245 | D        | Found Jopid's Antique Weapon Boutique.
   246 | D        | Found Doneptia's Distillery.
   246 | D        | Found Efits's Book Boutique.
   246 | D        | Found Sausuigg's Jewellery Shop.
   246 | D        | Found Oveidipa's Magic Scroll Boutique.
   246 | D        | Found Pyopreha's Distillery.
   246 | D        | Found Plog's Gadget Boutique.
   247 | D        | Found Recuiw's Jewellery Shop.
   247 | D        | Found Noadoxep's Antique Weapon Boutique.
   247 | D        | Noticed a death yak
   248 | D        | Found Halipn's Jewellery Boutique.
   248 | D        | Found Maqo Kie's Antique Armour Shop.
   248 | D        | Noticed a griffon
   249 | D        | Noticed a crocodile
   249 | D        | Noticed an oklob plant
   249 | D        | Noticed a griffon
   250 | D        | Found Wyroung's Book Shoppe.
   253 | D        | Noticed a griffon
   258 | D        | Bought an embroidered robe for 15 gold pieces
   268 | D        | Noticed a hell hog
   281 | D        | Bought an embroidered cloak for 112 gold pieces
   287 | D        | Bought a potion of heal wounds for 70 gold pieces
   287 | D        | Bought a potion of heal wounds for 70 gold pieces
   289 | D        | Bought a potion of might for 56 gold pieces
   289 | D        | Bought a potion of might for 56 gold pieces
   291 | D        | Bought a potion of heal wounds for 50 gold pieces
   291 | D        | Bought 2 potions of heal wounds for 100 gold pieces
   310 | D        | Killed a crocodile
   310 | D        | Reached skill level 10 in Unarmed Combat
   338 | D        | Noticed a kraken
   339 | D        | Noticed a crocodile
   341 | D        | Killed a crocodile
   345 | D        | Mangled by a tentacle

Vault maps used:
D:        the_violet_keep_of_menkaure

Action                   |  1- 3 |  4- 6 |  7- 9 || total
-------------------------+-------+-------+-------++-------
Melee: Unarmed           |    29 |    24 |     4 ||    57
Invok: Berserk           |       |     1 |       ||     1
       Brothers in Arms  |       |       |     1 ||     1
 Stab: Sleeping          |       |     1 |       ||     1
  Eat: Chunk             |     6 |     1 |     2 ||     9
